 Dungeon Crawl Stone Soup version bcrawl-1.19.2-6-g6a88ae04c9 (webtiles) character file.

Game seed: 16085705602073620231

921 Freyura the Shield-Bearer (level 8, 0/67 HPs)
             Began as a Gnoll Fighter on Jan 4, 2020.
             Slain by a crimson imp (2 damage)
             ... on level 5 of the Dungeon.
             The game lasted 00:10:59 (3633 turns).

Freyura the Shield-Bearer (Gnoll Fighter)           Turns: 3633, Time: 00:10:59

Health: 0/67       AC: 11    Str: 19    XL:     8   Next: 10%
Magic:  21/21      EV: 10    Int: 13    God:
Gold:   300        SH: 13    Dex: 17    Spells: 12/12 levels left

rFire    . . .     SeeInvis .   a - +1 long sword
rCold    . . .     Gourm    .   c - +0 shield
rNeg     . . .     Faith    .   b - +0 scale mail
rPois    .         Spirit   .   l - +2 helmet {Int+3}
rElec    .         Reflect  .   (no cloak)
rCorr    .         Harm     .   (no gloves)
MR       .....                  (no boots)
Stlth    +.........             (no amulet)
HPRegen  0.21/turn              g - ring of magical power
MPRegen  0.17/turn              (no ring)

@: lethally poisoned (0 -> -20)
A: distributed training, fangs 1, strong nose
a: no special abilities


You were on level 5 of the Dungeon.
You were not hungry.

You visited 1 branch of the dungeon, and saw 5 of its levels.

You collected 300 gold pieces.

Inventory:

Hand Weapons
 a - a +1 long sword (weapon)
Armour
 b - a +0 scale mail (worn)
 c - a +0 shield (worn)
 l - a +2 helmet of intelligence (worn)
Jewellery
 g - a ring of magical power (left hand)
Wands
 r - a wand of flame (17)
Scrolls
 h - a scroll of identify
 j - 2 scrolls of remove curse
 u - a scroll of enchant weapon
Potions
 d - a potion of lignification {unknown}
 e - a potion of degeneration {unknown}
 i - a potion of berserk rage {unknown}
 k - 3 potions of curing
 n - 2 potions of magic
 s - a potion of invisibility {unknown}
Comestibles
 f - 5 rations {!d}


   Skills:
 + Level 7.2 Fighting
 + Level 2.9 Short Blades
 + Level 5.4 Long Blades
 + Level 2.9 Axes
 + Level 2.9 Maces & Flails
 + Level 2.9 Polearms
 + Level 2.9 Staves
 + Level 2.9 Slings
 + Level 2.9 Bows
 + Level 2.9 Crossbows
 + Level 2.9 Throwing
 + Level 7.2 Armour
 + Level 2.9 Dodging
 + Level 2.9 Stealth
 + Level 7.2 Shields
 + Level 2.9 Unarmed Combat
 + Level 2.9 Spellcasting
 + Level 2.3 Conjurations
 + Level 2.3 Hexes
 + Level 2.3 Charms
 + Level 2.3 Summonings
 + Level 2.3 Necromancy
 + Level 2.3 Translocations
 + Level 2.3 Transmutations
 + Level 2.3 Fire Magic
 + Level 2.3 Ice Magic
 + Level 2.3 Air Magic
 + Level 2.3 Earth Magic
 + Level 2.3 Poison Magic
 + Level 3.2 Invocations
 + Level 2.9 Evocations


You had 12 spell levels left.
You didn't know any spells.
Your spell library was empty.

Dungeon Overview and Level Annotations

Branches:
Dungeon (5/12)
 Temple: D:4-7

Altars:
Trog
Vehumet

Shops:
D:4 !


Innate Abilities, Weirdness & Mutations

Your experience applies equally to all skills.
You have very sharp teeth.
Your uncanny sense of smell can sniff out nearby items.


Message History

You are more poisoned.
The killer bee poisons you!
The killer bee stings you but does no damage.
The killer bee barely misses you. The killer bee stings you.
* * * LOW HITPOINT WARNING * * *
You block the orc's attack. You block the jackal's attack.
The crimson imp hits you but does no damage.
You block the killer bee's attack.
You slash the killer bee!
You kill the killer bee!
* * * LOW HITPOINT WARNING * * *
You feel very sick. You block the killer bee's attack.
The killer bee barely misses you. x2
The killer bee stings you.
* * * LOW HITPOINT WARNING * * *
You block the jackal's attack.
The killer bee stings you but does no damage.
The crimson imp grins evilly.
The orc hits you but does no damage. The crimson imp hits you.
You die...

.#. .. ....# #.##.#
.....########.##.#
.$....#.......#.# ###.
.∆#.##.........#.# #....
..#..##....(...#.##.....
.?.............#.#......
..#............†o......
###<#.....§.y@yZ.....
#.#...†...5yh...$..
#.#....5...........
#.#........$.......
#.#.......#........
#...#....##........
#..#....##..#......
#?......# .........
#...###.. ..


You could see 3 killer bees, 2 crimson imps, an orc, a killer bee zombie and a
jackal.

Vanquished Creatures
  Sigmund (D:2)
  An ice beast (D:3)
  2 ogres
  A scorpion (D:4)
  A killer bee (D:5)
  A crimson imp (D:4)
  A hound (D:4)
  An orc wizard (D:3)
  Jessica (D:2)
  Terence (D:2)
  2 worker ants
  6 adders
  A howler monkey skeleton (D:4)
  An ooze (D:3)
  2 adder skeletons
  2 worms
  3 dart slugs
  4 leopard geckos
  17 orcs
  2 giant cockroaches
  6 goblins
  20 hobgoblins
  4 jackals
  12 kobolds
  5 quokkas
  3 ball pythons (D:1)
  4 bats
  2 frilled lizards
  8 rats
115 creatures vanquished.

Notes
Turn   | Place    | Note
-------+----------+-------------------------------------------
     0 | D:1      | Freyura the Gnoll Fighter began the quest for the Orb.
     0 | D:1      | Reached XP level 1. HP: 23/23 MP: 1/1
    45 | D:1      | Reached XP level 2. HP: 28/29 MP: 2/2
   290 | D:1      | Reached XP level 3. HP: 22/35 MP: 3/3
   653 | D:1      | Reached skill level 1 in Invocations
  1012 | D:2      | Noticed Sigmund
  1025 | D:2      | Killed Sigmund
  1025 | D:2      | Reached skill level 1 in Short Blades
  1025 | D:2      | Reached skill level 1 in Axes
  1025 | D:2      | Reached skill level 1 in Maces & Flails
  1025 | D:2      | Reached skill level 1 in Polearms
  1025 | D:2      | Reached skill level 1 in Staves
  1025 | D:2      | Reached skill level 1 in Slings
  1025 | D:2      | Reached skill level 1 in Bows
  1025 | D:2      | Reached skill level 1 in Crossbows
  1025 | D:2      | Reached skill level 1 in Throwing
  1025 | D:2      | Reached skill level 1 in Dodging
  1025 | D:2      | Reached skill level 1 in Stealth
  1025 | D:2      | Reached skill level 1 in Unarmed Combat
  1025 | D:2      | Reached skill level 1 in Spellcasting
  1025 | D:2      | Reached skill level 1 in Conjurations
  1025 | D:2      | Reached skill level 1 in Hexes
  1025 | D:2      | Reached skill level 1 in Charms
  1025 | D:2      | Reached skill level 1 in Summonings
  1025 | D:2      | Reached skill level 1 in Necromancy
  1025 | D:2      | Reached skill level 1 in Translocations
  1025 | D:2      | Reached skill level 1 in Transmutations
  1025 | D:2      | Reached skill level 1 in Fire Magic
  1025 | D:2      | Reached skill level 1 in Ice Magic
  1025 | D:2      | Reached skill level 1 in Air Magic
  1025 | D:2      | Reached skill level 1 in Earth Magic
  1025 | D:2      | Reached skill level 1 in Poison Magic
  1025 | D:2      | Reached skill level 1 in Evocations
  1025 | D:2      | Reached XP level 4. HP: 32/41 MP: 6/6
  1025 | D:2      | Reached XP level 5. HP: 37/47 MP: 7/7
  1112 | D:2      | Found a bloodstained altar of Trog.
  1246 | D:2      | Reached XP level 6. HP: 51/53 MP: 8/8
  1311 | D:2      | Noticed Terence
  1326 | D:2      | Killed Terence
  1335 | D:2      | Noticed Jessica
  1344 | D:2      | Killed Jessica
  1931 | D:3      | Noticed an ice beast
  1949 | D:3      | Killed an ice beast
  1949 | D:3      | Reached skill level 5 in Long Blades
  2092 | D:3      | Reached XP level 7. HP: 52/59 MP: 10/10
  3054 | D:4      | Found a radiant altar of Vehumet.
  3288 | D:4      | Reached XP level 8. HP: 67/67 MP: 12/12
  3418 | D:4      | Found Xekkinle's Distillery.
  3590 | D:5      | Entered Level 5 of the Dungeon
  3633 | D:5      | HP: 2/67 [killer bee (3)]
  3633 | D:5      | Slain by a crimson imp

Skill      XL: |  1  2  3  4  5  6  7 |
---------------+----------------------+-----
Invocations    | 1 2 3 |  3.2
Short Blades   | 1 2 |  2.9
Axes           | 1 2 |  2.9
Maces & Flails | 1 2 |  2.9
Polearms       | 1 2 |  2.9
Staves         | 1 2 |  2.9
Slings         | 1 2 |  2.9
Bows           | 1 2 |  2.9
Crossbows      | 1 2 |  2.9
Throwing       | 1 2 |  2.9
Dodging        | 1 2 |  2.9
Stealth        | 1 2 |  2.9
Unarmed Combat | 1 2 |  2.9
Spellcasting   | 1 2 |  2.9
Conjurations   | 1 2 |  2.3
Hexes          | 1 2 |  2.3
Charms         | 1 2 |  2.3
Summonings     | 1 2 |  2.3
Necromancy     | 1 2 |  2.3
Translocations | 1 2 |  2.3
Transmutations | 1 2 |  2.3
Fire Magic     | 1 2 |  2.3
Ice Magic      | 1 2 |  2.3
Air Magic      | 1 2 |  2.3
Earth Magic    | 1 2 |  2.3
Poison Magic   | 1 2 |  2.3
Evocations     | 1 2 |  2.9
Long Blades    | 5 |  5.4
Fighting       | 7 |  7.2
Armour         | 7 |  7.2
Shields        | 7 |  7.2

Action                   |  1- 3 |  4- 6 |  7- 9 || total
-------------------------+-------+-------+-------++-------
Melee: Long sword        |   109 |   155 |   162 ||   426
       Bite              |    13 |    23 |    15 ||    51
  Use: Potion            |     1 |       |       ||     1
       Scroll            |       |     2 |     7 ||     9
  Eat: Chunk             |       |     4 |     5 ||     9
Armor: Scale mail        |    27 |    38 |    62 ||   127
Dodge: Dodged            |    19 |    27 |    86 ||   132
Block: Shield            |    63 |    76 |   130 ||   269
